 Dungeon Crawl Stone Soup version 0.21.1-1-g345015f (webtiles) character file.

368171 NateTheOk the Slayer (level 21, -7/222 HPs)
             Began as a Minotaur Berserker on May 7, 2018.
             Was the Champion of Trog.
             Killed from afar by a deep elf high priest (36 damage)
             ... with damnation
             ... on level 3 of the Elven Halls on May 9, 2018.
             The game lasted 03:38:06 (51871 turns).

NateTheOk the Slayer (Minotaur Berserker)          Turns: 51871, Time: 03:38:07

Health: -7/222     AC: 38    Str: 31    XL:     21   Next: 63%
Magic:  31/31      EV: 18    Int:  9    God:    Trog [******]
Gold:   1771       SH: 18    Dex: 16    Spells: 20/20 levels left

rFire    . . .     SeeInvis .   a - +8 eveningstar (elec)
rCold    + . .     Gourm    .   E - +3 warlock's mirror {reflect}
rNeg     + . .     Faith    .   z - +8 plate armour {MR+}
rPois    .         Spirit   .   k - +2 hat {MR+}
rElec    .         Reflect  +   w - +2 cloak {MR+}
rCorr    .         Harm     .   X - +3 pair of gauntlets of War {Slay+5}
MR       +++++                  Z - +2 pair of boots {run}
Stlth    ..........             m - amulet of Rerujil {Reflect Int+5 SH+3}
HPRegen  0.47/turn              t - ring "Plog" {rC+ rN+}
MPRegen  0.22/turn              J - ring of protection from magic

@: mighty, lethally poisoned (-7 -> -9), quick
A: retaliatory headbutt, claws 1, horns 2, large bone plates 1
}: 2/15 runes: decaying, gossamer
a: Berserk, Trog's Hand, Brothers in Arms, Burn Spellbooks, Renounce Religion


You were on level 3 of the Elven Halls.
You worshipped Trog.
Trog was exalted by your worship.
You were not hungry.

You visited 7 branches of the dungeon, and saw 38 of its levels.
You also visited: Labyrinth and Desolation.

You collected 3905 gold pieces.
You spent 2134 gold pieces at shops.

Inventory:

Hand Weapons
 a - a +8 eveningstar of electrocution (weapon)
Armour
 k - a +2 hat of magic resistance (worn)
 w - a +2 cloak of magic resistance (worn)
 z - a +8 plate armour of magic resistance (worn)
 E - the +3 warlock's mirror (worn) {reflect}
   (You bought it in a shop on level 9 of the Dungeon)
 X - the +3 pair of gauntlets of War (worn) {Slay+5}
   (You found it in a labyrinth)

   It affects your accuracy and damage with ranged weapons and melee attacks
   (+5).
 Z - a +2 pair of boots of running (worn)
Jewellery
 b - an uncursed ring of stealth {unknown}
 m - the amulet of Rerujil (around neck) {Reflect Int+5 SH+3}
   (You found it in the Desolation of Salt)

   [amulet of reflection]

   It shields you and reflects attacks.
   It affects your intelligence (+5).
   It affects your SH (+3).
 t - the ring "Plog" (left hand) {rC+ rN+}
   (You found it in the Desolation of Salt)

   [ring of protection from cold]

   It protects you from cold.
   It protects you from negative energy.
 x - the ring "Byfustr Hotuo" {rF+ Str+4 Int+2 Dex-5 Slay+2}
   (You found it in the Desolation of Salt)

   [ring of protection from fire]

   It affects your strength (+4).
   It affects your intelligence (+2).
   It affects your dexterity (-5).
   It affects your accuracy and damage with ranged weapons and melee attacks
   (+2).
   It protects you from fire.
 G - the ring "Anum" {rF+ Int+2 SInv Stlth-}
   (You took it off a minotaur in a labyrinth)

   [ring of intelligence]

   It affects your intelligence (+2).
   It protects you from fire.
   It lets you see invisible.
   It makes you less stealthy.
 J - a ring of protection from magic (right hand)
Wands
 j - a wand of iceblast (35)
 l - a wand of enslavement (6)
 q - a wand of paralysis (52)
 r - a wand of disintegration (54)
 y - a wand of polymorph (51)
 C - a wand of clouds (4)
 I - a wand of flame (67)
 L - a wand of acid (12)
Scrolls
 d - a scroll of blinking
 e - 25 scrolls of remove curse
 g - 8 scrolls of fear
 u - 13 scrolls of teleportation
 D - 3 scrolls of torment {unknown}
 M - a scroll of silence
 Q - a scroll of summoning
 S - 5 scrolls of magic mapping
 V - 2 scrolls of fog
Potions
 h - 2 potions of heal wounds
 i - 2 potions of invisibility
 n - 2 potions of brilliance
 p - 6 potions of lignification
 s - 6 potions of might
 v - 4 potions of flight
 A - 8 potions of ambrosia
 N - 2 potions of haste
 O - 13 potions of curing
 T - 4 potions of agility
 U - 5 potions of cancellation
 W - 2 potions of resistance
Miscellaneous
 f - a lightning rod (4/4)
 o - a lamp of fire
 B - a phial of floods
 F - a box of beasts
 H - a lightning rod (4/4)
 K - a crystal ball of energy
 R - a fan of gales
Comestibles
 c - 60 rations
 P - a chunk of flesh


   Skills:
 * Level 26.7 Fighting
 - Level 16.0 Maces & Flails
 - Level 15.0 Armour
 - Level 15.0 Dodging
 - Level 15.0 Shields
 * Level 15.4 Evocations


You had 20 spell levels left.
You didn't know any spells.

Dungeon Overview and Level Annotations

Branches:
Dungeon (15/15)            Temple (0/1) D:6            Lair (6/6) D:9
  Swamp (4/4) Lair:2       Spider (4/4) Lair:2        Slime (0/5) Lair:5
    Orc (2/2) D:12            Elf (3/3) Orc:2        Vaults (4/5) D:14
  Crypt (0/3) Vaults:3     Depths (0/5) D:15

Altars:
Cheibriados
Dithmenos
Elyvilon
Hepliaklqana
Kikubaaqudgha
Okawaru
Vehumet
Wu Jian
Xom
Zin
Beogh
Jiyva

Shops:
D:5 ?   D:8 (=*%[   D:9 :[   Orc:2 :??!!   Elf:2 [   Vaults:1 ?   Vaults:2 [
Vaults:3 *   Vaults:4 [

Annotations:
D:3 exclusion: downstairs
D:4 exclusion: downstairs
Lair:5 1 runed door
Lair:6 1 runed door


Innate Abilities, Weirdness & Mutations

You reflexively headbutt those who attack you in melee.
You have a pair of horns on your head.
You have sharp fingernails.
You are partially covered in large bone plates. (SH +4)


Message History

The deep elf high priest begins emitting a brilliant aura!
A crawling corpse comes into view.
You feel sick.
You feel sick.
The deep elf high priest calls down the wrath of its god upon you.
Something smites you!
* * * LOW HITPOINT WARNING * * *
As you read the scroll of teleportation, it crumbles to dust.
You feel strangely unstable.
You feel sick.
You feel sick.
You feel sick.
You feel sick.
You feel sick.
Your surroundings suddenly seem different.
You feel sick.
You feel sick.
You feel sick.
The deep elf high priest calls down the wrath of its god upon you.
The sphere of damnation explodes!
The damnation engulfs you!
You die...

..# #.#)..## #.# #.#
##. [.# #.e...)# #.#
#.# #. ..# #e#.)..##
#.# #.# ## ..#
#.#.....###.# #.# ..#
### #x........#.# #.#
#####
..####..###....)....#.#
#.###....
..##E....#.........^..#
#.....###
E.##................###
####### #
EE.ee..).)......@...# #
EE#e###.#.........### #
. ### ############# #
###### ####.....
##.##.#### #####
#######.#.#.# # ....##
#......###..# # ......
#####.## ##.####


You could see a deep elf annihilator, a deep elf high priest and a crawling
corpse.

Vanquished Creatures
  Boris (Vaults:2)
  Saint Roka (Vaults:2)
  Nikola (Spider:1)
  Asterion (Spider:1)
  Frances (Swamp:1)
  3 sphinxes
  A tengu reaver (Vaults:4)
  Gastronok (D:12)
  2 thorn hunters
  A storm dragon (Vaults:4)
  5 deep elf sorcerers
  3 imperial myrmidons (Desolation)
  11 vault wardens
  2 frost giants (Vaults:3)
  A curse skull (Vaults:2)
  4 ghost moths
  Aizul (Spider:1)
  6 emperor scorpions (Spider:4)
  2 deep elf elementalists (Elf:3)
  10 ironheart preservers
  6 entropy weavers
  7 stone giants
  A deep elf demonologist (Elf:2)
  6 deep elf annihilators
  3 spark wasps (Spider:4)
  Snorg (D:11)
  3 ettins
  4 crystal guardians
  3 fire dragons
  A minotaur (Lab)
  An eidolon (Vaults:3)
  3 deep elf death magi
  Josephine (D:14)
  A deep elf high priest (Elf:3)
  5 yaktaur captains
  6 ragged hierophants (Desolation)
  2 ice dragons
  A rakshasa (Vaults:3)
  3 peacekeepers (Desolation)
  A ghost crab (Swamp:2)
  6 servants of whispers (Desolation)
  7 vault guards
  19 hydras
  2 catoblepae
  32 dancing weapons
  2 alligators
  5 centaur warriors
  31 two-headed ogres
  A deep troll shaman (Vaults:2)
  8 ogre magi
  5 death yaks (Lair:6)
  A queen ant (shapeshifter) (Vaults:4)
  5 orc high priests (Orc:2)
  A soul eater (Vaults:3)
  20 deep elf knights
  An unseen horror (shapeshifter) (Vaults:1)
  A shadow wraith (Vaults:1)
  3 unseen horrors
  4 wizards
  2 spriggan druids (Swamp:3)
  A shambling mangrove (Swamp:3)
  5 deep trolls
  14 deep elf archers
  16 ironbrand convokers
  A flayed ghost (Vaults:2)
  9 swamp dragons
  A swamp dragon (shapeshifter) (Vaults:1)
  A lindwurm (Lair:6)
  17 orb spiders
  2 necromancers
  62 deep elf magi
  16 orc knights
  4 orc sorcerers
  21 wolf spiders
  49 ugly things
  5 harpies (Vaults:3)
  A moth of wrath (Spider:4)
  A salamander (shapeshifter) (Elf:1)
  6 cyclopes
  2 manticores
  10 elephants
  2 black mambas
  3 torpor snails (Lair:6)
  5 guardian serpents (Desolation)
  A black mamba (shapeshifter) (Vaults:1)
  A water nymph (shapeshifter) (Vaults:3)
  14 vault sentinels
  The ghost of Shittyoctopus the Magician, a novice DrAE of Sif Muna (D:5)
  2 molten gargoyles (Desolation)
  22 spiny frogs
  3 gargoyles
  An eye of devastation (shapeshifter) (Vaults:3)
  24 yaktaurs
  An efreet (D:13)
  A rime drake (shapeshifter) (Vaults:1)
  6 freezing wraiths
  A yaktaur (shapeshifter) (Vaults:3)
  7 komodo dragons
  12 rime drakes (Lair:6)
  The ghost of sanboga the Skirmisher, a novice GrFi (D:4)
  A tengu conjurer (D:15)
  11 demonic crawlers
  A queen bee (D:10)
  5 trolls
  18 hornets
  37 jumping spiders
  11 tyrant leeches
  37 saltlings
  A wolf spider simulacrum (D:15)
  Prince Ribbit (D:4)
  A sphinx simulacrum (Vaults:2)
  2 polar bears
  A raiju (shapeshifter) (Vaults:3)
  24 slime creatures
  8 bog bodies
  A hornet (shapeshifter) (Vaults:3)
  18 blink frogs
  7 dream sheep (Lair:6)
  A wind drake (shapeshifter) (Vaults:3)
  A hippogriff (shapeshifter) (Vaults:1)
  11 hippogriffs
  88 redbacks
  10 spriggans
  28 tarantellas
  A centaur simulacrum (D:15)
  3 air elementals
  9 wraiths
  A redback (shapeshifter) (Vaults:3)
  5 water elementals
  2 shadows
  18 yaks
  5 wyverns
  A human (D:12)
  8 basilisks
  Eustachio (D:6)
  Grum (D:9)
  A golden eye (shapeshifter) (Elf:1)
  6 steam dragons
  5 hungry ghosts
  17 vampire mosquitoes
  5 human simulacra
  3 wargs
  19 swamp worms
  14 insubstantial wisps
  Edmund (D:4)
  7 acid dragons
  12 water moccasins
  An acid dragon (shapeshifter) (Vaults:3)
  A water moccasin (shapeshifter) (Vaults:1)
  9 swamp drakes
  10 porcupines
  A black bear (shapeshifter) (Vaults:1)
  A black bear (D:9)
  36 orc warriors
  6 ice beasts
  A hornet zombie (D:15)
  4 sky beasts
  3 phantoms
  An eye of draining (D:12)
  20 ogres
  7 centaurs
  24 wolves
  3 boggarts (Vaults:1)
  A human skeleton (Vaults:3)
  10 crocodiles
  11 bullfrogs
  5 earth elementals
  A gnoll sergeant (D:8)
  A wyvern zombie (D:13)
  A deep troll simulacrum (Vaults:3)
  A wyvern skeleton (D:7)
  2 scorpions
  31 killer bees
  A wight (D:10)
  6 electric eels
  4 howler monkeys
  5 jellies
  A troll skeleton (Lab)
  7 crimson imps
  A bullfrog zombie (D:7)
  3 centaur zombies
  11 hounds
  10 centaur skeletons
  36 orc priests
  5 iguanas
  2 bullfrog skeletons
  19 orc wizards
  5 hell rats (Lair:6)
  8 worker ants
  An ogre skeleton (Lab)
  A hound skeleton (D:7)
  A hound zombie (D:5)
  A howler monkey zombie (D:9)
  2 worker ant zombies
  18 gnolls
  16 adders
  2 shadow imps
  An ooze (D:3)
  19 worms
  A dart slug (D:1)
  4 leopard geckos
  133 orcs
  A giant cockroach (D:1)
  8 goblins
  6 hobgoblins
  20 jackals
  5 quokkas
  7 bats
  5 frilled lizards
  A jackal zombie (D:6)
  6 kobolds
  6 rats
  5 briar patches
  A fungus (D:12)
  3 plants (Lab)
1684 creatures vanquished.

Vanquished Creatures (collateral kills)
  A tentacled monstrosity (Swamp:3)
  A fire giant (Vaults:1)
  Roxanne (Elf:1)
  A vault warden (Vaults:1)
  A deep elf sorcerer (Elf:3)
  Louise (Spider:1)
  2 deep elf annihilators (Vaults:1)
  An ogre mage (Vaults:1)
  2 vault guards (Vaults:2)
  2 servants of whispers
  A dancing weapon (D:14)
  A deep elf knight (Elf:2)
  2 wizards
  A lindwurm (Lair:6)
  5 orb spiders
  5 deep elf magi
  3 ugly things (Vaults:1)
  A wolf spider (Spider:1)
  A slime creature (Vaults:1)
  A molten gargoyle (Desolation)
  2 torpor snails (Lair:6)
  A spiny frog (Lair:3)
  3 jumping spiders
  A blink frog (Lair:3)
  4 saltlings (Desolation)
  3 redbacks (Spider:4)
  3 tarantellas
  A boggart (Vaults:1)
  11 wolves
  An ogre (Vaults:1)
  A gnoll sergeant (D:9)
  An orc wizard (Vaults:2)
  A worker ant (D:9)
  4 gnolls (D:9)
  3 orcs
74 creatures vanquished.

Vanquished Creatures (others)
  Nessos (Lair:5)
  A vault guard (Vaults:1)
  A dancing weapon (Elf:2)
  A deep elf knight (Elf:1)
  A spriggan druid (Swamp:4)
  A swamp dragon (Swamp:4)
  A deep elf archer (Elf:2)
  2 deep elf magi (Elf:2)
  A yaktaur (Vaults:4)
  A swamp drake (Swamp:4)
  4 orcs
  3 briar patches
  21 fungi
  22 plants
61 creatures vanquished.

Grand Total: 1819 creatures vanquished

Notes
Turn   | Place    | Note
-------+----------+-------------------------------------------
     0 | D:1      | NateTheOk the Minotaur Berserker began the quest for the Orb.
     0 | D:1      | Reached XP level 1. HP: 19/19 MP: 0/0
   262 | D:1      | Reached XP level 2. HP: 24/27 MP: 1/1
   335 | D:1      | Reached skill level 4 in Fighting
  1228 | D:2      | Found an ancient bone altar of Kikubaaqudgha.
  1230 | D:2      | Reached XP level 3. HP: 30/33 MP: 2/2
  1582 | D:2      | Reached ** piety under Trog
  1712 | D:2      | Found an ornate altar of the Wu Jian Council.
  2259 | D:2      | Reached XP level 4. HP: 38/41 MP: 3/3
  2631 | D:3      | Reached skill level 5 in Fighting
  2631 | D:3      | Reached skill level 5 in Maces & Flails
  2819 | D:3      | Noticed an orc warrior
  2922 | D:3      | Killed an orc warrior
  2922 | D:3      | Reached XP level 5. HP: 10/50 MP: 4/4
  3494 | D:3      | Reached *** piety under Trog
  3707 | D:4      | Noticed sanboga's ghost (novice GrFi)
  4375 | D:4      | Reached XP level 6. HP: 46/57 MP: 5/5
  4503 | D:4      | Reached skill level 6 in Fighting
  4554 | D:4      | Killed sanboga's ghost
  4554 | D:4      | Reached skill level 7 in Fighting
  4554 | D:4      | Reached XP level 7. HP: 42/66 MP: 6/6
  4732 | D:4      | Found a radiant altar of Vehumet.
  4762 | D:4      | Noticed Edmund
  4784 | D:4      | Killed Edmund
  4784 | D:4      | Reached skill level 5 in Armour
  5516 | D:5      | Entered Level 5 of the Dungeon
  5516 | D:5      | Noticed Shittyoctopus's ghost (novice DrAE)
  5557 | D:5      | Found a snail-covered altar of Cheibriados.
  5557 | D:5      | Found a hazy altar of Hepliaklqana.
  5557 | D:5      | Noticed Prince Ribbit
  5566 | D:4      | Killed Prince Ribbit
  5566 | D:4      | Reached skill level 8 in Fighting
  5566 | D:4      | Reached XP level 8. HP: 50/74 MP: 7/7
  5729 | D:5      | Killed Shittyoctopus's ghost
  5732 | D:5      | Reached skill level 9 in Fighting
  5922 | D:5      | Found Ywoxit's Magic Scroll Emporium.
  5984 | D:5      | Received a gift from Trog
  6151 | D:5      | Reached XP level 9. HP: 73/85 MP: 8/8
  6446 | D:6      | Found a glowing silver altar of Zin.
  6572 | D:6      | Noticed Eustachio
  6592 | D:6      | Killed Eustachio
  6592 | D:6      | Reached skill level 10 in Fighting
  6592 | D:6      | Reached skill level 10 in Maces & Flails
  6711 | D:6      | Found a staircase to the Ecumenical Temple.
  7399 | D:7      | Reached **** piety under Trog
  7651 | D:7      | Found an iron altar of Okawaru.
  7976 | D:7      | Reached skill level 11 in Fighting
  8358 | D:8      | Found Wofra's Armour Emporium.
  8457 | D:8      | Found Itwuthis's Food Boutique.
  8503 | D:8      | Reached XP level 10. HP: 86/96 MP: 9/9
  8535 | D:8      | Found a white marble altar of Elyvilon.
  8535 | D:8      | Found a shimmering altar of Xom.
  8602 | D:8      | Found Sysmam's General Store.
  8675 | D:8      | Found Xenais's Jewellery Shop.
  9197 | D:8      | Reached ***** piety under Trog
  9258 | D:8      | Found Waeph's Weapon Emporium.
  9283 | D:8      | Found a roughly hewn altar of Beogh.
  9512 | D:9      | Noticed a two-headed ogre
  9523 | D:9      | Killed a two-headed ogre
  9523 | D:9      | Reached skill level 12 in Fighting
  9693 | D:9      | Found Tioc's Book Shop.
  9976 | D:9      | Found a white marble altar of Elyvilon.
 10387 | D:9      | Noticed an elephant
 10405 | D:9      | Killed an elephant
 10493 | D:9      | Found a staircase to the Lair.
 10501 | D:9      | Noticed a two-headed ogre
 10510 | D:9      | Killed a two-headed ogre
 10510 | D:9      | Reached skill level 13 in Fighting
 10510 | D:9      | Reached XP level 11. HP: 74/107 MP: 10/10
 10729 | D:9      | Found Pauts's Armour Shoppe.
 10736 | D:9      | Bought the +3 warlock's mirror {reflect} for 520 gold pieces
 10736 | D:9      | Found the +3 warlock's mirror {reflect}
 10766 | D:9      | Noticed a two-headed ogre
 10773 | D:9      | Killed a two-headed ogre
 10773 | D:9      | Reached skill level 1 in Shields
 10954 | D:10     | Entered Level 10 of the Dungeon
 10993 | D:10     | Noticed a two-headed ogre
 11001 | D:10     | Killed a two-headed ogre
 12170 | D:10     | Received a gift from Trog
 12559 | Lair:1   | Entered Level 1 of the Lair of Beasts
 12559 | Lair:1   | Noticed Grum
 12760 | D:9      | Killed Grum
 12952 | Lair:1   | Reached skill level 10 in Armour
 12952 | Lair:1   | Reached skill level 5 in Shields
 13012 | Lair:1   | Reached skill level 14 in Fighting
 13683 | Lair:2   | Reached XP level 12. HP: 110/117 MP: 11/11
 14284 | Lair:2   | Found a hole to the Spider Nest.
 14745 | Lair:2   | Found a staircase to the Swamp.
 14797 | Lair:2   | Reached skill level 15 in Maces & Flails
 15673 | Lair:3   | Found a shadowy altar of Dithmenos.
 15736 | Lair:3   | Reached skill level 15 in Fighting
 16139 | Lair:3   | Received a gift from Trog
 16909 | Lair:4   | Noticed a four-headed hydra
 16921 | Lair:4   | Killed a four-headed hydra
 16926 | Lair:4   | Noticed a catoblepas
 16946 | Lair:4   | Killed a catoblepas
 17367 | Lair:5   | Noticed Nessos
 17657 | Lair:5   | Noticed an eight-headed hydra
 17665 | Lair:5   | Reached XP level 13. HP: 118/127 MP: 12/12
 17668 | Lair:5   | Killed Nessos
 18223 | Lair:5   | Reached skill level 1 in Evocations
 18262 | Lair:5   | Found a runed door.
 18262 | Lair:5   | Found a viscous altar of Jiyva.
 18262 | Lair:5   | Found a staircase to the Slime Pits.
 18262 | Lair:5   | Noticed an azure jelly
 18262 | Lair:5   | Noticed an azure jelly
 18499 | Lair:5   | Received a gift from Trog
 18499 | Lair:5   | Reached skill level 16 in Fighting
 19281 | Lair:6   | Entered Level 6 of the Lair of Beasts
 19327 | Lair:6   | Found a labyrinth entrance.
 19345 | Lab      | Entered a labyrinth
 19746 | Lab      | Noticed a minotaur
 19761 | Lab      | Killed a minotaur
 19763 | Lab      | Got a warped jade ring
 19770 | Lab      | Found the +3 pair of gauntlets of War {Slay+5}
 19772 | Lab      | Identified Sif Muna's Collected Works on the Rocks
 19779 | Lab      | Identified Wihom's Handbook of Stolen Souls and the Volcanoes
 19799 | Lab      | Identified the ring "Anum" {rF+ Int+2 SInv Stlth-} (You took it off a minotaur in a labyrinth)
 20297 | Lair:6   | Reached skill level 5 in Evocations
 20482 | Lair:6   | Reached XP level 14. HP: 108/138 MP: 15/17
 20486 | Lair:6   | Received a gift from Trog
 20677 | Lair:6   | Reached skill level 17 in Fighting
 21801 | Lair:6   | Found a runed door.
 21863 | Lair:6   | Paralysed by a hornet for 1 turns
 21963 | Lair:6   | Reached skill level 10 in Shields
 21967 | Lair:6   | Received a gift from Trog
 21968 | Lair:6   | HP: 9/210 [tyrant leech (13)]
 22415 | Lair:6   | Identified a +1 pair of boots of running (You found it on level 6 of the Lair of Beasts)
 22860 | D:11     | Noticed Snorg
 22878 | D:11     | Killed Snorg
 23632 | D:12     | Noticed Gastronok
 23652 | D:12     | Killed Gastronok
 23687 | D:12     | Found a staircase to the Orcish Mines.
 24173 | D:12     | Reached skill level 18 in Fighting
 24781 | D:8      | Bought a +1 plate armour of magic resistance for 455 gold pieces
 25733 | Orc:1    | Entered Level 1 of the Orcish Mines
 25748 | Orc:1    | Found a roughly hewn altar of Beogh.
 25788 | Orc:1    | Reached XP level 15. HP: 135/149 MP: 20/20
 26038 | Orc:2    | Entered Level 2 of the Orcish Mines
 26038 | Orc:2    | Found a staircase to the Elven Halls.
 26806 | Orc:2    | Received a gift from Trog
 27642 | Orc:2    | Found Pyitorun's Book Shop.
 27912 | Orc:2    | Found Sitausho's Magic Scroll Shop.
 27912 | Orc:2    | Found Xeengura's Magic Scroll Shop.
 27913 | Orc:2    | Found Vaakh's Distillery.
 27913 | Orc:2    | Found Pig Lud's Distillery.
 27921 | Orc:2    | Bought a potion of heal wounds for 80 gold pieces
 27921 | Orc:2    | Bought 2 potions of heal wounds for 160 gold pieces
 27924 | Orc:2    | Bought a scroll of enchant weapon for 112 gold pieces
 27924 | Orc:2    | Bought a scroll of enchant weapon for 112 gold pieces
 27926 | Orc:2    | Gained mutation: Your body sometimes deteriorates upon taking damage. [potion of mutation]
 27926 | Orc:2    | Gained mutation: You are robust. (+10% HP) [potion of mutation]
 27926 | Orc:2    | Gained mutation: You are weak. (Str -2) [potion of mutation]
 27926 | Orc:2    | Gained mutation: You are partially covered in yellow scales. (AC +2) [potion of mutation]
 27927 | Orc:2    | Lost mutation: Your body sometimes deteriorates upon taking damage. [potion of mutation]
 27927 | Orc:2    | Lost mutation: You are weak. (Str -2) [potion of mutation]
 27927 | Orc:2    | Lost mutation: You are robust. (+10% HP) [potion of mutation]
 27927 | Orc:2    | Lost mutation: You are partially covered in yellow scales. (AC +2) [potion of mutation]
 27927 | Orc:2    | Gained mutation: You are clumsy. (Dex -2) [potion of mutation]
 27927 | Orc:2    | Gained mutation: Scrolls take you a little longer to read. [potion of mutation]
 27927 | Orc:2    | Gained mutation: You are partially covered in rugged brown scales. (AC +1, +3% HP) [potion of mutation]
 27927 | Orc:2    | Gained mutation: You are robust. (+10% HP) [potion of mutation]
 27928 | Orc:2    | Lost mutation: You are robust. (+10% HP) [potion of mutation]
 27928 | Orc:2    | Lost mutation: You are partially covered in rugged brown scales. (AC +1, +3% HP) [potion of mutation]
 27928 | Orc:2    | Lost mutation: You are clumsy. (Dex -2) [potion of mutation]
 27928 | Orc:2    | Lost mutation: Scrolls take you a little longer to read. [potion of mutation]
 27928 | Orc:2    | Gained mutation: You are partially covered in large bone plates. (SH +4) [potion of mutation]
 27928 | Orc:2    | Gained mutation: You have sharp fingernails. [potion of mutation]
 28866 | D:14     | Found a gate to the Vaults.
 28951 | D:14     | Noticed Josephine
 28956 | D:14     | Killed Josephine
 29423 | D:15     | Entered Level 15 of the Dungeon
 29489 | D:15     | Found a staircase to the Depths.
 29491 | D:15     | Reached skill level 19 in Fighting
 29700 | D:15     | Received a gift from Trog
 30076 | D:15     | Found a shadowy altar of Dithmenos.
 30142 | D:15     | Found a snail-covered altar of Cheibriados.
 30275 | D:15     | Reached skill level 10 in Evocations
 30827 | Swamp:1  | Entered Level 1 of the Swamp
 31122 | Swamp:1  | Reached XP level 16. HP: 145/161 MP: 22/22
 31491 | Swamp:1  | Noticed Frances
 31514 | Swamp:1  | Killed Frances
 31689 | Swamp:2  | Received a gift from Trog
 31712 | Swamp:2  | Reached skill level 5 in Dodging
 32282 | Swamp:2  | Noticed a thorn hunter
 32301 | Swamp:2  | Killed a thorn hunter
 33109 | Swamp:3  | Reached skill level 20 in Fighting
 33480 | Swamp:3  | Noticed a tentacled monstrosity
 33488 | Swamp:3  | Killed a tentacled monstrosity
 33727 | Swamp:4  | Entered Level 4 of the Swamp
 33942 | Swamp:4  | Reached ****** piety under Trog
 34097 | Swamp:4  | Noticed a thorn hunter
 34111 | Swamp:4  | Killed a thorn hunter
 34534 | Swamp:4  | Got a decaying rune of Zot
 35046 | Spider:1 | Entered Level 1 of the Spider Nest
 35083 | Spider:1 | Noticed Louise
 35109 | Spider:1 | Killed Louise
 35109 | Spider:1 | Received a gift from Trog
 35179 | Spider:1 | Noticed Asterion
 35198 | Spider:1 | Noticed Nikola
 35201 | Spider:1 | Killed Asterion
 35203 | Spider:1 | Noticed Aizul
 35211 | Spider:1 | Killed Aizul
 35211 | Spider:1 | Reached XP level 17. HP: 84/172 MP: 23/23
 35225 | Spider:1 | Killed Nikola
 35923 | Spider:2 | Reached skill level 10 in Dodging
 35941 | Spider:2 | Reached skill level 21 in Fighting
 36465 | Spider:3 | Received a gift from Trog
 37899 | Spider:4 | Entered Level 4 of the Spider Nest
 38280 | Spider:4 | Received a gift from Trog
 39102 | Spider:4 | Got a gossamer rune of Zot
 39486 | Spider:4 | Reached skill level 22 in Fighting
 39533 | Spider:4 | Reached XP level 18. HP: 144/184 MP: 24/24
 40176 | Vaults:1 | Entered Level 1 of the Vaults
 40233 | Vaults:1 | Received a gift from Trog
 40659 | Vaults:1 | Identified a scroll of acquirement
 40662 | Vaults:1 | Got a polished hat
 40673 | Vaults:1 | Identified the +0 hat "Efasudgh" {rF+ rC+} (You acquired it on level 1 of the Vaults)
 40948 | Vaults:1 | Found Vibaz's Magic Scroll Shoppe.
 40957 | Vaults:1 | Bought a scroll of teleportation for 54 gold pieces
 40957 | Vaults:1 | Bought 3 scrolls of magic mapping for 189 gold pieces
 40957 | Vaults:1 | Bought a scroll of identify for 36 gold pieces
 40957 | Vaults:1 | Bought a scroll of enchant weapon for 135 gold pieces
 40957 | Vaults:1 | Bought a scroll of identify for 36 gold pieces
 40957 | Vaults:1 | Bought a scroll of identify for 36 gold pieces
 41300 | Vaults:1 | Reached skill level 15 in Shields
 41731 | Vaults:1 | Received a gift from Trog
 42091 | Vaults:2 | Found Istrouqipn's Antique Armour Shop.
 42117 | Vaults:2 | Reached skill level 15 in Armour
 42318 | Vaults:2 | Reached skill level 23 in Fighting
 42328 | Vaults:2 | Received a gift from Trog
 42533 | Vaults:2 | Reached XP level 19. HP: 195/195 MP: 25/25
 42582 | Vaults:2 | Noticed Saint Roka
 42596 | Vaults:2 | Killed Saint Roka
 42796 | Vaults:2 | Noticed Boris
 42806 | Vaults:2 | Killed Boris
 43374 | Vaults:3 | Reached skill level 15 in Dodging
 44176 | Vaults:3 | Received a gift from Trog
 44287 | Vaults:3 | Reached skill level 24 in Fighting
 44768 | Vaults:3 | Found Urphacall's Assorted Antiques.
 44967 | Vaults:3 | Found a staircase to the Crypt.
 45522 | Vaults:4 | Reached XP level 20. HP: 185/209 MP: 27/27
 45782 | Vaults:4 | Found Diusol's Armour Emporium.
 46069 | Vaults:4 | Received a gift from Trog
 46169 | Vaults:4 | Reached skill level 25 in Fighting
 47197 | Elf:1    | Entered Level 1 of the Elven Halls
 47274 | Orc:2    | Bought a scroll of enchant armour for 112 gold pieces
 47279 | Orc:2    | Bought a scroll of enchant armour for 97 gold pieces
 47376 | Elf:1    | Found a ruined gateway.
 47397 | Desolati | Entered the Desolation of Salt
 47737 | Desolati | Got a twitching tin ring
 47739 | Desolati | Got a steaming tin amulet
 47740 | Desolati | Identified the ring "Plog" {rC+ rN+} (You found it in the Desolation of Salt)
 47741 | Desolati | Identified the amulet of Zoiwnunt {Harm -Tele *Drain rPois Stlth+} (You found it in the Desolation of Salt)
 47833 | Desolati | Received a gift from Trog
 47860 | Desolati | Got a scintillating lead ring
 47865 | Desolati | Got a scintillating steel ring
 47868 | Desolati | Got a polished plate armour
 47869 | Desolati | Identified the +2 plate armour of Wekad {+Inv rElec} (You found it in the Desolation of Salt)
 47871 | Desolati | Identified the ring "Byfustr Hotuo" {rF+ Str+4 Int+2 Dex-5 Slay+2} (You found it in the Desolation of Salt)
 47872 | Desolati | Identified the ring of Wuvycytt {*Tele rN+} (You found it in the Desolation of Salt)
 48035 | Desolati | Got a scorched copper amulet
 48047 | Desolati | Identified the amulet of Rerujil {Reflect Int+5 SH+3} (You found it in the Desolation of Salt)
 48404 | Elf:1    | Received a gift from Trog
 48506 | Elf:1    | Noticed Roxanne
 48518 | Elf:1    | Killed Roxanne
 49107 | Elf:1    | Reached XP level 21. HP: 199/220 MP: 21/30
 49275 | Elf:1    | Reached skill level 26 in Fighting
 49324 | Elf:1    | Received a gift from Trog
 49331 | Elf:1    | Got a transparent mace {god gift}
 49333 | Elf:1    | Identified the +7 mace "Dragonbane" {holy, rF++ Int+4} (Trog gifted it to you on level 1 of the Elven Halls)
 49677 | Elf:2    | Found Ravirr's Antique Armour Shoppe.
 50438 | Elf:2    | Found a magical portal.
 50522 | Elf:2    | Received a gift from Trog
 50613 | Elf:2    | Found a huge runed gate.
 50613 | Elf:2    | Found a huge runed gate.
 50613 | Elf:2    | Found a huge runed gate.
 50614 | Elf:2    | Found a huge runed gate.
 50615 | Elf:2    | Found a huge runed gate.
 50905 | Elf:2    | Reached skill level 15 in Evocations
 51262 | Elf:3    | Entered Level 3 of the Elven Halls
 51871 | Elf:3    | Killed from afar by a deep elf high priest

Skill      XL: |  1  2  3  4  5  6  7  8  9 10 11 12 13 14 15 16 17 18 19 20 21 |
---------------+----------------------------------------------------------------+-----
Maces & Flails | 4 5 7 8 9 11 13 14 15 16 | 16.0
Fighting       | 4 5 7 8 9 11 13 14 15 16 18 19 20 22 23 24 25 26 | 26.7
Armour         | 3 4 5 6 8 9 10 11 12 13 14 15 | 15.0
Shields        | 5 7 9 10 11 13 14 15 | 15.0
Evocations     | 5 8 10 11 14 15 | 15.4
Dodging        | 4 9 12 14 15 | 15.0

Action                   |  1- 3 |  4- 6 |  7- 9 | 10-12 | 13-15 | 16-18 | 19-21 || total
-------------------------+-------+-------+-------+-------+-------+-------+-------++-------
Melee: Mace              |    85 |     8 |       |       |       |       |       ||    93
       Headbutt          |     6 |    20 |    54 |   185 |   292 |   284 |   303 ||  1144
       Flail             |       |   132 |   168 |       |       |       |       ||   300
       Morningstar       |       |       |   127 |   793 |   550 |       |       ||  1470
       Eveningstar       |       |       |       |       |   617 |  1215 |  1128 ||  2960
 Fire: Hunting sling     |       |     4 |    31 |    49 |     8 |       |       ||    92
Throw: Stone             |     7 |    44 |       |       |     1 |       |       ||    52
Invok: Berserk           |       |     2 |     3 |     3 |     7 |     2 |     1 ||    18
       Trog's Hand       |       |       |     1 |     2 |     5 |       |     2 ||    10
       Brothers in Arms  |       |       |       |     3 |     6 |     9 |    11 ||    29
       Burn Spellbooks   |       |       |       |     3 |     4 |     2 |     6 ||    15
Evoke: Wand              |       |       |       |       |     8 |    12 |     9 ||    29
       Lightning rod     |       |       |       |       |     4 |    19 |    10 ||    33
       Fan of gales      |       |       |       |       |     1 |     1 |       ||     2
       Lamp of fire      |       |       |       |       |     1 |     4 |     1 ||     6
       Box of beasts     |       |       |       |       |       |     1 |     1 ||     2
       Phial of floods   |       |       |       |       |       |       |     1 ||     1
  Use: Scroll            |     2 |    12 |    11 |     6 |    20 |    11 |    13 ||    75
       Potion            |       |       |       |     2 |     7 |     1 |     5 ||    15
 Stab: Sleeping          |     1 |       |       |       |       |       |       ||     1
       Petrifying        |       |       |       |       |     1 |       |       ||     1
       Paralysed         |       |       |       |       |     1 |     1 |       ||     2
       Distracted        |       |       |       |       |       |     2 |     3 ||     5
  Eat: Chunk             |     4 |     6 |    12 |    36 |    40 |    24 |    27 ||   149
       Ration            |       |     1 |     4 |     2 |     2 |     5 |     3 ||    17
Armor: Animal skin       |     7 |       |       |       |       |       |       ||     7
       Leather armour    |     8 |     7 |       |       |       |       |       ||    15
       Chain mail        |       |    36 |    93 |       |       |       |       ||   129
       Scale mail        |       |       |    84 |   251 |       |       |       ||   335
       Plate armour      |       |       |       |   179 |   559 |   573 |   376 ||  1687
       Skin              |       |       |       |       |    10 |       |       ||    10
Dodge: Dodged            |    45 |    60 |   141 |   338 |   273 |   448 |   372 ||  1677
Block: Buckler           |       |       |       |   282 |   644 |   924 |   745 ||  2595
       Reflection        |       |       |       |     5 |    42 |    29 |   111 ||   187
